AoeStats
← Michi3052

Marketplace

504017978Analyzed
1v1 RM · 1mo ago on Sep 3, 2026· 45m 34s· 2 players
Game mode
Random Map
Map size
Tiny (2 player)
Population
200
Speed
Normal
Resources
Standard
Victory
Conquest
Starting age
Dark Age
Ending age
Imperial Age
RankedLock teamsTeams togetherTeam positionsShared explorationLock speedFull tech treeHidden civsTurbo modeCheats
Victory
Defeat
🇪🇸 Turks · Spain
693
+18
🇨🇦 Ethiopians · Canada
728
-18
Michi3052
11:33 Feudal Age
12:07 Double-Bit Axe
15:24 Loom
18:12 Bloodlines
19:26 Horse Collar
22:27 Castle Age
30:33 Imperial Age
30:03 Heavy Plow
33:07 Wheelbarrow
34:06 Padded Archer Armor
33:57 Fletching
39:01 Heavy Camel Rider
41:43 Leather Archer Armor
41:24 Bodkin Arrow
44:03 Thumb Ring
44:32 Ring Archer Armor
44:03 Bracer
BlankPrawn5690
7:51 Loom
11:42 Feudal Age
13:35 Double-Bit Axe
14:34 Fletching
15:14 Padded Archer Armor
17:21 Wheelbarrow
26:25 Castle Age
27:51 Castle Age
25:54 Horse Collar
31:26 Bow Saw
30:46 Crossbowman
33:56 Sanctity
35:59 Bodkin Arrow
36:17 Thumb Ring
Connection lost

Rejoining the realm…

Still unreachable

The connection could not be restored.

Session expired

The server has moved on; the page needs a fresh start.